 Dungeon Crawl Stone Soup version 0.29.0-13-gc9e81de378 (webtiles) character file.

Game seed: 4979043328467243140

84 Ofeo the Firebug (level 5, 0/38 HPs)
             Began as a Meteoran Fire Elementalist on Sept 9, 2022.
             Slain by an orc
             ... wielding a +0 mace
              (7 damage)
             ... on level 4 of the Dungeon.
             The game lasted 00:01:24 (161 turns).

Ofeo the Firebug (Meteoran Fire Elementalist)        Turns: 161, Time: 00:01:24

Health: 0/38       AC:  2    Str:  9    XL:     5   Next: 3%
Magic:  5/11       EV: 13    Int: 19    God:
Gold:   35         SH:  0    Dex: 14    Spells: 7/10 levels left

rFire   . . .      SeeInvis .   (no weapon)
rCold   . . .      Faith    .   (no shield)
rNeg    . . .      Spirit   .   a - +0 robe
rPois   .          Reflect  .   (no helmet)
rElec   .          Harm     .   (no cloak)
rCorr   .          Rampage  .   (no gloves)
Will    .....                   (no boots)
Stlth   +.........              (no amulet)
HPRegen 0.12/turn               (no ring)
MPRegen 0.12/turn               (no ring)

@: glowing
A: sense surroundings 1, otherworldly, glowing, explore regen
a: no special abilities


You were on level 4 of the Dungeon.
You visited 1 branch of the dungeon, and saw 4 of its levels.

You collected 35 gold pieces.

Inventory:

Armour
 a - a +0 robe (worn)
Scrolls
 i - a scroll of identify {@r1}
Potions
 b - a potion of magic


   Skills:
 + Level 3.2 Dodging
 + Level 2.0 Stealth
 + Level 3.4 Spellcasting
 + Level 2.3 Conjurations
 + Level 4.2 Fire Magic


You had 7 spell levels left.
You knew the following spells:

 Your Spells              Type           Power      Damage    Failure   Level
a - Foxfire               Conj/Fire      60%        2x1d7     3%          1
b - Scorch                Fire           38%        2d7       3%          2

Your spell library contained the following spells:

 Spells                   Type           Power      Damage    Failure   Level
 Conjure Flame            Conj/Fire      15%        6-21      11%         3
 Inner Flame              Hex/Fire       11%        N/A       19%         3
 Flame Wave               Conj/Fire      15%        2d7       36%         4


Dungeon Overview and Level Annotations

Branches:
Dungeon (4/15) Zot: 2239
 Temple: D:4-7

Altars:

Annotations:
D:3 Grinder


Innate Abilities, Weirdness & Mutations

You passively map a small area around you.
You are easily found by Zot.
You glow in the dark.
You regain HP and MP as you explore.


Message History

Flames lash the orc priest.
The orc priest is almost dead.
The orc priest's fire resistance burns away.
You hear a shout!
An orc priest comes into view. It is wielding a +0 club.
You now have 7/11 mp.
Casting: Scorch (safe; 3% risk of failure)
Confirm with . or Enter, or press ? or * to list all spells.
Flames lash the orc.
You kill the orc!
The orc priest invokes the aid of Beogh against you.
Pain shoots through your body!
An orc comes into view. It is wielding a +0 club.
You take 11 damage, and have 27/38 hp.
MASSIVE DAMAGE!!
You now have 5/11 mp.
Casting: Scorch (safe; 3% risk of failure)
Confirm with . or Enter, or press ? or * to list all spells.
You conjure some foxfire!
The orc priest invokes the aid of Beogh against you.
Pain shoots through your body!
The foxfire hits the orc.
The orc is lightly wounded.
You take 4 damage, and have 23/38 hp.
You now have 4/11 mp.
You hit the orc priest but do no damage.
The orc priest is almost dead.
The foxfire hits the orc priest but does no damage.
The orc priest is almost dead.
The orc priest barely misses you. The orc attacks as you move away!
The orc hits you but does no damage.
The orc priest is no longer more vulnerable to fire.
The orc priest calls down the wrath of Beogh upon you.
Beogh smites you!
* * * LOW HITPOINT WARNING * * *
You take 12 damage, and have 11/38 hp.
MASSIVE DAMAGE!!
The orc attacks as you move away! The orc hits you with a +0 mace.
* * * LOW HITPOINT WARNING * * *
You take 4 damage, and have 7/38 hp.
The orc attacks as you move away! The orc hits you with a +0 mace!
You die...

###.#.#.###
>...
#..........,
, *##..
#.######.##
#.. ##.## *
* ** #.#
##...#####.
, , #.#
#..........
* * * , #.#
#....#####.#
, ,
#.#.######.#
#.#.o.oo@..#
*
#.#.o#####.#
, #.#..#* #
, #).# ,
#.o. ,* ##.#
, *#o#, #.#
, * * *#)# *


You could see 2 orc priests and 2 orcs.

Vanquished Creatures
  A phantom (D:4)
  An orc (D:4)
  2 ball pythons
  An endoplasm (D:1)
  A giant cockroach (D:3)
  A frilled lizard (D:1)
7 creatures vanquished.

Vanquished Creatures (others)
  21 foxfires
21 creatures vanquished.

Grand Total: 28 creatures vanquished

Notes
Turn   | Place    | Note
-------+----------+-------------------------------------------
     0 | D:1      | Ofeo the Meteoran Fire Elementalist began the quest for the
                  | Orb.
     0 | D:1      | Reached XP level 1. HP: 14/14 MP: 5/5
    76 | D:2      | Found a faded altar of an unknown god.
    99 | D:3      | Reached XP level 2. HP: 20/20 MP: 3/6
    99 | D:3      | Noticed Grinder
   102 | D:4      | Noticed a phantom
   106 | D:4      | Learned a level 2 spell: Scorch
   114 | D:4      | Killed a phantom
   115 | D:4      | Reached skill level 4 in Fire Magic
   115 | D:4      | Reached XP level 3. HP: 10/26 MP: 0/8
   115 | D:4      | Reached XP level 4. HP: 13/33 MP: 0/10
   115 | D:4      | Reached XP level 5. HP: 15/38 MP: 0/11
   161 | D:4      | Slain by an orc

Illustrated notes

Levels and vault maps discovered:
D:1:      lightli_arrival_lavapool, layout_loops_ring, grunt_decor_mini_mirrors
D:2:      layout_basic, hellmonk_ecumenical_altar_arch_garden
D:3:      layout_rooms, minmay_unequal, uniq_grinder
D:4:      layout_loops_ring, uniq_ijyb

Skill      XL: |  1  2 |
---------------+-------+-----
Dodging        | 3 |  3.2
Stealth        | 2 |  2.0
Spellcasting   | 3 |  3.4
Conjurations   | 2 |  2.3
Fire Magic     | 4 |  4.2

Action                   |  1- 3 |  4- 6 || total
-------------------------+-------+-------++-------
Melee: Unarmed           |     5 |     1 ||     6
 Cast: Foxfire           |    10 |     3 ||    13
       Scorch            |     3 |     3 ||     6
  Use: Scroll            |     1 |       ||     1
Armor: Robe              |     1 |     1 ||     2
Dodge: Dodged            |     4 |     4 ||     8
